 Dungeon Crawl Stone Soup version 0.21.1-1-g345015fe64 (webtiles) character file.

402 Ivernyr the Charmwright (level 7, -7/50 HPs)
             Began as a Human Skald on June 7, 2018.
             Was an Initiate of Ru.
             Mangled by an ogre
             ... wielding a cursed -2 giant spiked club
              (21 damage)
             ... on level 3 of the Dungeon.
             The game lasted 00:18:22 (6608 turns).

Ivernyr the Charmwright (Human Skald)               Turns: 6608, Time: 00:18:22

Health: -7/50      AC:  5    Str: 12    XL:     7   Next: 11%
Magic:  10/10      EV: 12    Int: 13    God:    Ru [......]
Gold:   195        SH:  0    Dex: 14    Spells: 5/10 levels left

rFire    . . .     SeeInvis .   w - +5 blowgun
rCold    . . .     Gourm    .   (no shield)
rNeg     . . .     Faith    .   b - +0 leather armour
rPois    .         Spirit   .   (no helmet)
rElec    .         Reflect  .   (no cloak)
rCorr    .         Harm     .   j - +1 pair of gloves
MR       .....                  (no boots)
Stlth    +.........             (no amulet)
HPRegen  0.16/turn              (no ring)
MPRegen  0.12/turn              (no ring)

@: no status effects
A: no striking features
a: Renounce Religion


You were on level 3 of the Dungeon.
You worshipped Ru.
Ru was noncommittal.
You were not hungry.

You visited 1 branch of the dungeon, and saw 4 of its levels.

You collected 195 gold pieces.

Inventory:

Hand Weapons
 a - a +0 falchion
 w - a +5 blowgun (weapon)
Armour
 b - a +0 leather armour (worn)
 j - a +1 pair of gloves (worn)
Wands
 l - a wand of polymorph (2)
Scrolls
 f - 3 scrolls of identify
 g - 6 scrolls of remove curse
 i - a scroll of amnesia
 x - a scroll of magic mapping {unknown}
 y - a scroll of immolation {unknown}
Potions
 e - a potion of lignification {unknown}
 h - a potion of curing {unknown}
 k - a potion of heal wounds {unknown}
 m - a potion of mutation {unknown}
 n - a potion of degeneration {unknown}
 p - a potion of brilliance {unknown}
 q - a potion of cancellation {unknown}
 r - a potion of might {unknown}
 s - a potion of flight {unknown}
Books
 c - a book of Battle

   Spells                             Type                      Level
   a - Infusion                       Charms                       1
   b - Shroud of Golubria             Charms/Translocation         2
   c - Song of Slaying                Charms                       2
   d - Spectral Weapon                Hexes/Charms                 3
   e - Regeneration                   Charms/Necromancy            3
Comestibles
 d - 4 rations
 v - 3 chunks of flesh


   Skills:
 - Level 2.0 Fighting
 - Level 2.0 Long Blades
 * Level 4.0 Throwing
 + Level 2.9 Armour
 - Level 2.0 Dodging
 - Level 2.0 Spellcasting
 * Level 5.2 Charms


You had 5 spell levels left.
You knew the following spells:

 Your Spells              Type           Power        Failure   Level  Hunger
a - Shroud of Golubria    Chrm/Tloc      #.........   17%         2    ###....
b - Song of Slaying       Chrm           ###.....     5%          2    ###....
c - Infusion              Chrm           ###.         3%          1    ##.....


Dungeon Overview and Level Annotations

Branches:
Dungeon (4/15)
 Temple: D:4-7

Altars:
Dithmenos
Fedhas
Gozag
Makhleb
Ru
Wu Jian
Xom
Yredelemnul
The Shining One

Annotations:
D:3 khakisalad's ghost, weakling MiFi


Message History

* * * LOW HITPOINT WARNING * * *
Khakisalad's ghost barely misses you.
There is a stone staircase leading down here.
The ogre closely misses you.
As you read the scroll labeled JENNOSEUBBU, it crumbles to dust.
You feel blessed for a moment.
It was a scroll of remove curse.
The ogre misses you. Khakisalad's ghost barely misses you.
As you read the scroll labeled DOMPEX MEDIDI, it crumbles to dust.
It is a scroll of identify.
i - a scroll of amnesia The ogre barely misses you.
As you read the scroll labeled LUUT ZUOPSIZAI, it crumbles to dust.
It is a scroll of enchant weapon.
Your +4 blowgun glows red for a moment.
Khakisalad's ghost misses you.
Khakisalad's ghost shrieks, "What do you have that I didn't have?"
As you read the scroll labeled CEUFA EHUO, it crumbles to dust.
It is a scroll of enchant armour.
Your +0 pair of gloves glows green for a moment.
The ogre hits you with a giant spiked club!!
You die...

#.#W#..###############
#.#.#..# #.#.#..#
#.#.#..########
#.#.#..##.....########
#.#.#..##.............
#.#.#..##......###.###
#.#.#WO##......# #:# #
#.#.#@.##......###'###
#.#.#####........'_'..
#.#............#######
#.#######......# ### #
####........#'###.#######
#.........#.#.###........
#.#######.#.#.##.......##
##.#####
#.#.#.##..>######
#......# #.#.#.##...#


You could see an ogre and khakisalad's ghost.

Vanquished Creatures
  An ogre (D:4)
  A hound (D:4)
  Natasha (thrice) (D:2)
  Terence (D:3)
  A hound skeleton (D:4)
  4 gnolls
  5 adders
  3 dart slugs
  3 leopard geckos
  An orc (D:3)
  6 giant cockroaches
  12 goblins
  9 hobgoblins
  5 jackals
  8 kobolds
  A ball python (D:2)
  6 bats
  4 frilled lizards
  9 rats
  A spectral orc (D:3)
84 creatures vanquished.

Notes
Turn   | Place    | Note
-------+----------+-------------------------------------------
     0 | D:1      | Ivernyr the Human Skald began the quest for the Orb.
     0 | D:1      | Reached XP level 1. HP: 16/16 MP: 3/3
   203 | D:1      | Reached XP level 2. HP: 18/22 MP: 5/5
   229 | D:1      | Reached skill level 1 in Throwing
   471 | D:1      | Learned a level 2 spell: Song of Slaying
   474 | D:1      | Learned a level 2 spell: Shroud of Golubria
   562 | D:1      | Reached XP level 3. HP: 8/27 MP: 6/6
  1248 | D:2      | Reached XP level 4. HP: 29/33 MP: 5/7
  1303 | D:2      | Found an ornate altar of the Wu Jian Council.
  1313 | D:2      | Noticed Natasha
  1456 | D:2      | Killed Natasha
  1805 | D:2      | Reached skill level 4 in Charms
  2085 | D:2      | Reached XP level 5. HP: 28/38 MP: 3/8
  2978 | D:2      | Found a sacrificial altar of Ru.
  2981 | D:2      | Noticed Natasha
  2989 | D:2      | Killed Natasha
  3194 | D:2      | Became a worshipper of Ru the Awakened
  3344 | D:2      | Noticed Natasha
  3681 | D:2      | Killed Natasha
  3681 | D:2      | Reached XP level 6. HP: 14/44 MP: 9/9
  4980 | D:3      | Found a basalt altar of Yredelemnul.
  4982 | D:3      | Found a glowing golden altar of the Shining One.
  4982 | D:3      | Found a shadowy altar of Dithmenos.
  4984 | D:3      | Found a burning altar of Makhleb.
  4984 | D:3      | Found a shimmering altar of Xom.
  4984 | D:3      | Found a blossoming altar of Fedhas.
  5047 | D:3      | Found a basalt altar of Yredelemnul.
  5056 | D:3      | Found an opulent altar of Gozag.
  5060 | D:3      | Noticed khakisalad's ghost (weakling MiFi)
  5759 | D:3      | Noticed Terence
  5772 | D:3      | Killed Terence
  5978 | D:3      | Found a blossoming altar of Fedhas.
  6432 | D:4      | Noticed an ogre
  6450 | D:4      | Killed an ogre
  6450 | D:4      | Reached skill level 5 in Charms
  6450 | D:4      | Reached XP level 7. HP: 50/50 MP: 7/10
  6608 | D:3      | Mangled by an ogre

Skill      XL: |  1  2  3  4  5  6  7 |
---------------+----------------------+-----
Throwing       | 1 2 3 4 |  4.0
Charms         | 4 5 |  5.2
Armour         | 2 |  2.9
Fighting       | |  2.0
Long Blades    | |  2.0
Dodging        | |  2.0
Spellcasting   | |  2.0

Action                   |  1- 3 |  4- 6 |  7- 9 || total
-------------------------+-------+-------+-------++-------
Melee: Falchion          |    97 |   235 |    11 ||   343
       Unarmed           |       |    20 |       ||    20
 Fire: Blowgun           |       |    10 |     5 ||    15
 Cast: Shroud of Golubri |     1 |    30 |     1 ||    32
       Song of Slaying   |       |     2 |       ||     2
Invok: Reject Sacrifices |       |     1 |       ||     1
  Use: Scroll            |       |       |     4 ||     4
 Stab: Sleeping          |     1 |       |       ||     1
  Eat: Chunk             |       |    17 |     1 ||    18
       Ration            |       |     1 |       ||     1
Armor: Leather armour    |    41 |    67 |     4 ||   112
       Skin              |       |    14 |       ||    14
Dodge: Dodged            |    66 |   175 |    21 ||   262
       Rpst.: Falchion   |    21 |    49 |     4 ||    74
